 Dungeon Crawl Stone Soup version 0.29.1-1-gd02db6906a (webtiles) character file.

Game seed: 1486274872370100451

53 Icepheonix32 the Caller (level 3, -7/24 HPs)
             Began as a Merfolk Summoner on Oct 10, 2022.
             Blown up by Ijyb (14 damage)
             ... with a mindburst bolt
             ... on level 3 of the Dungeon.
             The game lasted 00:05:04 (1568 turns).

Icepheonix32 the Caller (Merfolk Summoner)          Turns: 1568, Time: 00:05:04

Health: -7/24      AC:  4    Str:  8    XL:     3   Next: 87%
Magic:  1/6        EV: 12    Int: 19    God:
Gold:   125        SH:  0    Dex: 14    Spells: 0/6 levels left

rFire   . . .      SeeInvis .   j - +0 spear
rCold   . . .      Faith    .   (no shield)
rNeg    . . .      Spirit   .   a - +1 robe
rPois   .          Reflect  .   i - +0 helmet {Int+3}
rElec   .          Harm     .   (no cloak)
rCorr   .          Rampage  .   (no gloves)
Will    .....                   (no boots)
Stlth   ++........              (no amulet)
HPRegen 0.08/turn               (no ring)
MPRegen 0.10/turn               (no ring)

@: hasted, very quick
A: (nimble swimmer 2), mertail
a: no special abilities


You were on level 3 of the Dungeon.
You visited 1 branch of the dungeon, and saw 3 of its levels.

You collected 125 gold pieces.

Inventory:

Hand Weapons
 h - a +0 dagger
 j - a +0 spear (weapon)
Missiles
 g - 4 poisoned darts
Armour
 a - a +1 robe (worn)
 i - a +0 helmet of intelligence (worn)
Potions
 b - a potion of magic
 c - 2 potions of attraction
 f - a potion of haste
 l - a potion of cancellation
 m - a potion of might


   Skills:
 - Level 2.6 Dodging
 - Level 2.1 Stealth
 - Level 2.0 Spellcasting
 + Level 5.4 Summonings


You couldn't memorise any spells.
You knew the following spells:

 Your Spells              Type           Power      Damage    Failure   Level
a - Summon Small Mammal   Summ           88%        N/A       1%          1
b - Call Imp              Summ           22%        N/A       2%          2
c - Call Canine Familiar  Summ           22%        N/A       5%          3

Your spell library contained the following spells:

 Spells                   Type           Power      Damage    Failure   Level
 Sandblast                Erth           2%         2d4       17%         1
 Summon Guardian Golem    Hex/Summ       12%        N/A       17%         3
 Passwall                 Tmut/Erth      0%         N/A       26%         2
 Stone Arrow              Conj/Erth      2%         3d7       45%         3
 Summon Lightning Spire   Summ/Air       12%        N/A       50%         4


Dungeon Overview and Level Annotations

Branches:
Dungeon (3/15)

Altars:

Annotations:
D:3 Ijyb


Innate Abilities, Weirdness & Mutations

((You are very nimble when in or above water. (Stealth+, EV+, Speed+++)))
Your lower body shifts to a powerful aquatic tail in water.


Message History

Confirm with . or Enter, or press ? or * to list all spells.
You swap places.
Reach: j) +0 spear
Press: ? - help, Dir - move target, f/p - Ijyb
Aim: Ijyb, wielding a +0 dagger, wearing a +0 scale mail and carrying a wand of mindburst (5) (black smoke, severely wounded, ally target, about 43% to evade your +0 spear)
You could not reach far enough!
Your quokka barely misses Ijyb.
Ijyb screams, "I no like you!" Ijyb hits your quokka with a +0 dagger.
Reach: j) +0 spear
Press: ? - help, Dir - move target, f/p - Ijyb
Aim: Ijyb, wielding a +0 dagger, wearing a +0 scale mail and carrying a wand of mindburst (5) (black smoke, severely wounded, ally target, about 43% to evade your +0 spear)
You reach to attack!
You closely miss Ijyb.
Ijyb is severely wounded.
Your quokka barely misses Ijyb.
Reach: j) +0 spear
Press: ? - help, Dir - move target, f/p - Ijyb
Aim: Ijyb, wielding a +0 dagger, wearing a +0 scale mail and carrying a wand of mindburst (5) (severely wounded, ally target, about 43% to evade your +0 spear)
You reach to attack!
You closely miss Ijyb.
Ijyb is severely wounded.
Ijyb screams, "It's all mine!"
Ijyb hits your quokka with a +0 dagger.
Your quokka dies!
Your quokka's corpse disappears in a puff of smoke!
Reach: j) +0 spear
Press: ? - help, Dir - move target, f/p - Ijyb
Aim: Ijyb, wielding a +0 dagger, wearing a +0 scale mail and carrying a wand of mindburst (5) (severely wounded, about 43% to evade your +0 spear)
Okay, then.
Okay, then.
Ijyb hits you with a +0 dagger.
You hit Ijyb but do no damage.
Ijyb is severely wounded.
You closely miss Ijyb.
Ijyb is severely wounded.
Ijyb hits you with a +0 dagger.
* * * LOW HITPOINT WARNING * * *
You hit Ijyb but do no damage.
Ijyb is severely wounded.
Ijyb zaps a wand.
Your mind is blasted!
Ouch! That really hurt!
You die...

#..#..# #.#........#
#..#..# #.#..#####.#
#.....# #.#>.# #.#
##.#..# #.#..# #.#
#.#..# #.#..# #.#
#.#..#######....#
#.#
#.#............###
#.#
..............####.#
..#####@####)(.....#
#g# ##.##.### #)#
#.##.# #.# #.##.#
... ..##.# #..##
..##.# #... .......
#..# ......# ...#
#....


You could see Ijyb.

Vanquished Creatures
  A dart slug (D:1)
  2 ball pythons
  2 bats (D:2)
  An endoplasm (D:1)
  A giant cockroach (D:2)
  2 goblins (D:2)
  2 hobgoblins (D:2)
  A quokka (D:2)
  A frilled lizard (D:1)
  4 rats (D:2)
17 creatures vanquished.

Vanquished Creatures (collateral kills)
  An adder (D:3)
  A worm (D:2)
  A dart slug (D:2)
  An orc (D:3)
  A bat (D:1)
  An endoplasm (D:2)
  3 goblins
  2 hobgoblins (D:2)
  A kobold (D:1)
  A ball python (D:1)
  2 frilled lizards (D:2)
  2 rats (D:1)
17 creatures vanquished.

Vanquished Creatures (others)
  A plant (D:1)
1 creature vanquished.

Grand Total: 35 creatures vanquished

Notes
Turn   | Place    | Note
-------+----------+-------------------------------------------
     0 | D:1      | Icepheonix32 the Merfolk Summoner began the quest for the
                  | Orb.
     0 | D:1      | Reached XP level 1. HP: 13/13 MP: 3/3
   477 | D:1      | Reached XP level 2. HP: 19/19 MP: 1/5
  1026 | D:2      | Reached XP level 3. HP: 24/24 MP: 3/6
  1033 | D:2      | Reached skill level 5 in Summonings
  1048 | D:2      | Learned a level 2 spell: Call Imp
  1052 | D:2      | Learned a level 3 spell: Call Canine Familiar
  1095 | D:2      | Found a faded altar of an unknown god.
  1531 | D:3      | Noticed Ijyb
  1568 | D:3      | Blown up by Ijyb

Illustrated notes

Levels and vault maps discovered:
D:1:      minmay_arrival_jagged, layout_rooms, serial_bayou_lagoon_b
D:2:      layout_rooms, shapermc_ecumenical_altar_petra,
          kennysheep_generic_room_15
D:3:      layout_loops_ring, kennysheep_path_1, uniq_ijyb, uniq_sigmund

Skill      XL: |  1  2  3 |
---------------+----------+-----
Summonings     | 5 |  5.4
Dodging        | |  2.6
Stealth        | |  2.1
Spellcasting   | |  2.0

Action                   || total
-------------------------++-------
Melee: Spear             ||    81
       Dagger            ||     4
       Unarmed           ||     4
       Punch             ||     1
 Cast: Summon Small Mamm ||    22
       Call Imp          ||     6
       Call Canine Famil ||     1
  Use: Scroll            ||     8
       Potion            ||     3
 Stab: Distracted        ||     1
Armor: Robe              ||    15
Dodge: Dodged            ||    42
